 Dungeon Crawl Stone Soup version 0.28.0-45-g0d030f2227 (webtiles) character file.

Game seed: 15278213443402639859

163 MisterFreud the Changer (level 5, -2/61 HPs)
             Began as a Draconian Transmuter on May 11, 2022.
             Succumbed to a kobold brigand's curare-tipped dart
             ... on level 2 of the Dungeon.
             The game lasted 00:03:25 (3066 turns).

MisterFreud the Changer (Draconian Transmuter)      Turns: 3066, Time: 00:03:26

Health: -2/61      AC: 22    Str: 13    XL:     5   Next: 20%
Magic:  6/8        EV:  2    Int: 15    God:
Gold:   72         SH:  0    Dex: 11    Spells: 2/8 levels left

rFire   . . .      SeeInvis .     - Unarmed
rCold   . . .      Faith    .   (no shield)
rNeg    . . .      Spirit   .   (armour unavailable)
rPois   +          Reflect  .   (helmet currently unavailable)
rElec   .          Harm     .   (cloak currently unavailable)
rCorr   .          Rampage  .   (gloves currently unavailable)
Will    .....      NoTele   +   (boots currently unavailable)
Stlth   +.........              (no amulet)
HPRegen 0.20/turn               (no ring)
MPRegen 0.11/turn               (no ring)

@: lethally poisoned (-2 -> -13), tree-form, slowed, very slow
A: stationary, stasis, torment immunity, boosted hp, AC +5, unfitting armour,
(cold-blooded)
a: no special abilities


You were on level 2 of the Dungeon.
You were a tree.
You visited 1 branch of the dungeon, and saw 3 of its levels.

You collected 72 gold pieces.

Inventory:

Missiles
 g - 4 javelins
Armour
 j - a +0 cloak (melded)
Jewellery
 b - a ring of fire
 c - a ring of fire
Scrolls
 a - 2 scrolls of identify {unknown}
 e - a scroll of blinking {unknown}
 f - 4 scrolls of brand weapon {unknown}
 h - a scroll of enchant armour {unknown}
 i - a scroll of torment {unknown}


   Skills:
 + Level 1.9 Fighting
 - Level 1.8 Dodging
 + Level 3.3 Unarmed Combat
 - Level 2.0 Spellcasting
 - Level 5.0 Transmutations


You had 2 spell levels left.
You knew the following spells:

 Your Spells              Type           Power      Damage    Failure   Level
a - Beastly Appendage     Tmut           32%        N/A       2%          1
b - Wereblood             Tmut           16%        N/A       4%          2
c - Spider Form           Tmut/Pois      9%         N/A       24%         3

Your spell library contained the following spells:

 Spells                   Type           Power      Damage    Failure   Level
 Ice Form                 Ice/Tmut       9%         N/A       61%         4
 Blade Hands              Tmut           8%         N/A       61%         5
 Iron Shot                Conj/Erth      0%         9d1       100%        6
 Animate Armour           Summ/Erth      Unusable   N/A       N/A         4

Dungeon Overview and Level Annotations

Branches:
Dungeon (3/15)

Altars:


Innate Abilities, Weirdness & Mutations

You are a tree.
Your roots penetrate the ground, keeping you stationary.
You cannot be teleported.
You are immune to unholy pain and torment.
Your maximum health is greatly increased.
Your equipment is partially melded.
((Your plain brown scales are hard. (AC +5)))
You cannot fit into any form of body armour.
((You are cold-blooded and may be slowed by cold attacks.))


Message History

Your +0 cloak melds into your body.
You climb downwards.
Your transformation is almost over.
The endoplasm misses you.
There is a stone staircase leading up here.
You hit the endoplasm.
The endoplasm is poisoned.
The endoplasm is lightly wounded.
You hit the endoplasm.
The endoplasm looks even sicker.
The endoplasm is heavily wounded.
The endoplasm freezes you.
You are frozen.
You hit the endoplasm.
The endoplasm looks as sick as possible!
The endoplasm is almost dead.
You kill the endoplasm!
The kobold brigand throws a curare-tipped dart.
The curare-tipped dart hits you.
You are lethally poisoned!
You have difficulty breathing.
You feel yourself slow down.
Unknown command.
Okay, then.
Unknown command.
Your transformation has ended.
Your +0 cloak unmelds from your body.
You feel extremely sick.
The kobold brigand throws a curare-tipped dart.
The curare-tipped dart closely misses you.
* * * LOW HITPOINT WARNING * * *
You feel extremely sick.
The kobold brigand hits you with a +0 dagger.
* * * LOW HITPOINT WARNING * * *
You climb upwards.
* * * LOW HITPOINT WARNING * * *
You feel extremely sick.
There is a stone staircase leading down here.
Unknown command.
Unknown command.
It was a potion of lignification.
You turn into a tree.
Your +0 cloak melds into your body.
Your roots penetrate the ground.
You die...

######## ##..#####
#......####.#.###
#..###.#........#
####.#.##.#..#.###.#######
#...###.........##..##....
#.##.#.##.#..#..##.###.###
#.##..###.#.#............#
#.##.####.#......#.###.#.#
#.##....[♣#.#...##.# #.#.#
#.#########........# #.#.#
#.# ####.##### #.... #.# #.#
###.# #.# ##'## #.# ##.##
##..^## #.# #...### ##.....##
##.# ###...#.## ##.......##
#...
#........####.........####...


There were no monsters in sight!

Vanquished Creatures
  Natasha (twice) (D:2)
  Terence (D:2)
  2 adders
  A gnoll (D:2)
  4 dart slugs
  4 orcs
  3 endoplasms
  2 giant cockroaches
  A goblin (D:2)
  4 hobgoblins
  9 jackals
  4 kobolds (D:1)
  A quokka (D:2)
  4 ball pythons
  3 bats
  4 frilled lizards
  6 rats
55 creatures vanquished.

Notes
Turn   | Place    | Note
-------+----------+-------------------------------------------
     0 | D:1      | MisterFreud the Draconian Transmuter began the quest for
                  | the Orb.
     0 | D:1      | Reached XP level 1. HP: 16/16 MP: 3/3
   103 | D:1      | Found a faded altar of an unknown god.
   298 | D:1      | Reached XP level 2. HP: 18/23 MP: 3/5
   370 | D:1      | You fall into a shaft and drop 1 floor!
   370 | D:2      | Noticed Terence
   407 | D:2      | Reached skill level 3 in Transmutations
   597 | D:1      | Reached XP level 3. HP: 23/28 MP: 4/6
   604 | D:1      | Learned a level 2 spell: Wereblood
   608 | D:1      | Learned a level 3 spell: Spider Form
   852 | D:2      | Killed Terence
   853 | D:2      | Reached skill level 4 in Transmutations
  1421 | D:2      | Reached XP level 4. HP: 35/35 MP: 5/7
  1702 | D:2      | Noticed Natasha
  1709 | D:2      | Killed Natasha
  2433 | D:2      | Noticed Natasha
  2443 | D:2      | Killed Natasha
  2444 | D:2      | Reached skill level 5 in Transmutations
  2444 | D:2      | Reached XP level 5. HP: 10/40 MP: 4/8
  3065 | D:2      | HP: 1/41 [poisoned by a kobold brigand (curare-tipped
                  | dart)]
  3066 | D:2      | Succumbed to a kobold brigand's curare-tipped dart

Illustrated notes

Levels and vault maps discovered:
D:1:      minmay_arrival_arboretum_small, layout_basic, basic_ecumenical_altar
D:2:      minmay_door_path, layout_loops_corners, cheibrodos_gnoll_hut,
          uniq_terence, uniq_natasha
D:3:      minmay_recursive_quarters, layout_loops_ring, serial_glass,
          glass_columns_a, glass_columns_b

Skill      XL: |  1  2  3  4 |
---------------+-------------+-----
Transmutations | 3 4 5 |  5.0
Fighting       | |  1.9
Dodging        | |  1.8
Unarmed Combat | |  3.3
Spellcasting   | |  2.0

Action                   |  1- 3 |  4- 6 || total
-------------------------+-------+-------++-------
Melee: Unarmed           |    95 |    79 ||   174
       Kick              |    14 |     3 ||    17
       Tailslap          |     7 |     6 ||    13
       Headbutt          |     6 |     3 ||     9
       Punch             |     1 |     2 ||     3
 Cast: Beastly Appendage |    16 |     5 ||    21
       Spider Form       |     1 |     6 ||     7
 Abil: End Transformatio |       |     1 ||     1
  Use: Potion            |       |     1 ||     1
Armor: Skin              |    32 |    13 ||    45
Dodge: Dodged            |    81 |    65 ||   146
